 Dungeon Crawl Stone Soup version 0.20.1-1-g8b1a95d (webtiles) character file.

106 Blackhawk the Skirmisher (level 4, -5/37 HPs)
             Began as a Demonspawn Berserker on Nov 3, 2017.
             Was a Believer of Trog.
             Killed from afar by Ijyb (29 damage)
             ... with a wand of lightning (?/15)
             ... on level 3 of the Dungeon.
             The game lasted 00:15:07 (2285 turns).

Blackhawk the Skirmisher (Demonspawn Berserker)     Turns: 2285, Time: 00:15:12

Health: -5/37      AC:  2    Str: 18    XL:     4   Next: 55%
Magic:  4/4        EV: 14    Int:  9    God:    Trog [**....]
Gold:   76         SH:  0    Dex: 12    Spells: 3/3 levels left

rFire    . . .     SeeInvis .   a - +0 spear
rCold    . . .     Gourm    .   (no shield)
rNeg     . . .     Faith    .   b - +0 animal skin
rPois    .         Spirit   .   (no helmet)
rElec    .         Reflect  .   (no cloak)
rCorr    .         Harm     .   (no gloves)
MR       .....                  (no boots)
Stlth    +.........             (no amulet)
Regen    0.2/turn               (no ring)
MPRegen  0.1/turn               (no ring)

@: no status effects
A: repulsion field 1, powered by death 1
a: Berserk, Trog's Hand, Burn Spellbooks, Renounce Religion


You were on level 3 of the Dungeon.
You worshipped Trog.
Trog was pleased with you.
You were hungry.

You visited 1 branch of the dungeon, and saw 3 of its levels.

You collected 76 gold pieces.

Inventory:

Hand Weapons
 a - a +0 spear (weapon)
Missiles
 e - 114 stones (quivered)
 g - 5 tomahawks
Armour
 b - a +0 animal skin (worn)
Scrolls
 d - 3 scrolls of identify {unknown}
 i - a scroll of teleportation {unknown}
 k - a scroll of enchant weapon {unknown}
 l - a scroll of recharging {unknown}
Potions
 f - a potion of mutation {unknown}
 j - a potion of curing {unknown}
Comestibles
 c - 4 bread rations
 h - 6 chunks of flesh


   Skills:
 + Level 4.0 Fighting
 + Level 3.8 Polearms
 + Level 0.1 Throwing
 - Level 1.7 Armour
 + Level 2.2 Dodging


You had 3 spell levels left.
You didn't know any spells.

Dungeon Overview and Level Annotations

Branches:
Dungeon (3/15)

Altars:
Ashenzari
Ru

Annotations:
D:3 Ijyb


Innate Abilities, Weirdness & Mutations

You are surrounded by a mild repulsion field. (EV +2)
You regenerate a little health from kills.


Message History

2 goblins and Ijyb come into view.
Ijyb shouts!
The goblin shouts!
Attack whom?
Press: ? - help, Dir - move target cursor, f - goblin
Aim: a goblin You reach to attack!
The goblin shouts! x2
You hit the goblin.
You kill the goblin!
Trog accepts your kill.
A goblin and a hobgoblin come into view.
Things that are here:
a club; a chunk of flesh Ijyb zaps a wand.
The bolt of lightning hits the goblin.
The goblin dies!
The bolt of lightning hits the goblin.
The goblin dies!
The bolt of lightning hits you! x2
Ouch! That really hurt!
You die...

##.## .. #...# #g##
#...# #...## #...####
..[..#. ####...##.##
.g.....
#.........#.##.......
....[....###.).g..#
#.......).#)##.#..#
#####...##@## ...


.gg #...#### ..... g #.#.# #...## #...# ..... ##.# ..###. #. ..# .. You could
see Ijyb.

Vanquished Creatures
  3 adders
  3 oozes
  3 worms
  2 dart slugs (D:1)
  2 leopard geckos (D:1)
  2 orcs
  3 giant cockroaches
  10 goblins
  6 hobgoblins
  6 kobolds
  A quokka (D:3)
  3 bats
  A frilled lizard (D:1)
  2 rats
47 creatures vanquished.

Vanquished Creatures (others)
  2 goblins (D:3)
2 creatures vanquished.

Grand Total: 49 creatures vanquished

Notes
Turn   | Place    | Note
-------+----------+-------------------------------------------
     0 | D:1      | Blackhawk the Demonspawn Berserker began the quest for the Orb.
     0 | D:1      | Reached XP level 1. HP: 18/18 MP: 1/1
   289 | D:1      | Gained mutation: You are surrounded by a mild repulsion field. (EV +2) [demonic ancestry]
   289 | D:1      | Reached XP level 2. HP: 21/24 MP: 2/2
   836 | D:2      | Gained mutation: You regenerate a little health from kills. [demonic ancestry]
   836 | D:2      | Reached XP level 3. HP: 19/29 MP: 3/3
  1246 | D:1      | Reached ** piety under Trog
  1603 | D:2      | Reached XP level 4. HP: 37/37 MP: 4/4
  1813 | D:2      | Reached skill level 4 in Fighting
  2042 | D:2      | Found a shattered altar of Ashenzari.
  2042 | D:2      | Found a sacrificial altar of Ru.
  2279 | D:3      | Noticed Ijyb
  2285 | D:3      | Killed from afar by Ijyb

Skill      XL: |  1  2  3  4 |
---------------+-------------+-----
Polearms       | 3 |  3.8
Dodging        | 2 |  2.2
Fighting       | 4 |  4.0
Throwing       | |  0.1
Armour         | |  1.7

Action                   |  1- 3 |  4- 6 || total
-------------------------+-------+-------++-------
Melee: Spear             |   135 |    66 ||   201
Throw: Stone             |       |     9 ||     9
 Stab: Sleeping          |     4 |     1 ||     5
       Distracted        |     2 |       ||     2
  Eat: Chunk             |     2 |     2 ||     4
Armor: Animal skin       |    12 |     2 ||    14
Dodge: Dodged            |    74 |    22 ||    96
